 Dungeon Crawl Stone Soup version 0.20.0-15-g7f486f2 (webtiles) character file.

1285 polve the Basher (level 8, -3/87 HPs)
             Began as a Demonspawn Berserker on June 30, 2017.
             Was a Priest of Trog.
             Slain by a water moccasin (7 damage)
             ... on level 5 of the Dungeon.
             The game lasted 00:05:43 (4515 turns).

polve the Basher (Demonspawn Berserker)             Turns: 4515, Time: 00:05:43

Health: -3/87      AC:  5    Str: 26    XL:     8   Next: 29%
Magic:  17/17      EV: 13    Int:  8    God:    Trog [***...]
Gold:   159        SH:  3    Dex: 12    Spells: 7/7 levels left

rFire    . . .     SeeInvis +   a - +0 mace
rCold    . . .     Gourm    .   v - +0 buckler
rNeg     . . .     Faith    .   l - +0 leather armour {rPois}
rPois    +         Spirit   .   k - +2 hat
rElec    .         Reflect  .   (no cloak)
rCorr    .         Harm     .   (no gloves)
MR       .....                  (no boots)
Stlth    ..........             (no amulet)
Regen    0.3/turn               w - ring of magical power
MPRegen  0.2/turn               (no ring)

@: mighty, berserking (expiring), very quick
A: horns 2, repulsion field 1, see invisible, sense surroundings 1, powered by
death 2
a: Berserk, Trog's Hand, Burn Spellbooks, Renounce Religion


You were on level 5 of the Dungeon.
You worshipped Trog.
Trog was most pleased with you.
You were near starving.

You visited 1 branch of the dungeon, and saw 5 of its levels.

You collected 159 gold pieces.

Inventory:

Hand Weapons
 a - a +0 mace (weapon)
Armour
 k - a +2 hat (worn)
 l - a +0 leather armour of poison resistance (worn)
 p - a +0 chain mail
 v - a +0 buckler (worn)
Jewellery
 w - a ring of magical power (left hand)
Wands
 o - a wand of flame (31/48)
Scrolls
 g - 8 scrolls of identify {unknown}
 i - a scroll of blinking {unknown}
 n - 3 scrolls of teleportation {unknown}
 q - a scroll of random uselessness {unknown}
 r - a scroll of recharging {unknown}
 s - a scroll of magic mapping {unknown}
 t - a scroll of remove curse {unknown}
Potions
 e - 2 potions of heal wounds
 h - a potion of curing
 j - a potion of might
Comestibles
 b - 2 royal jellies
 c - 3 bread rations
 d - 9 chunks of flesh
 f - 3 meat rations


   Skills:
 - Level 3.0 Fighting
 + Level 9.6 Maces & Flails
 - Level 1.7 Armour
 - Level 1.7 Dodging


You had 7 spell levels left.
You didn't know any spells.

Dungeon Overview and Level Annotations

Branches:
Dungeon (5/15)
 Temple: D:4-7

Altars:
Nemelex Xobeh
Sif Muna
Xom

Annotations:
D:5 1 transporter, 1 runed door


Innate Abilities, Weirdness & Mutations

You have a pair of horns on your head.
You are surrounded by a mild repulsion field. (EV +2)
You regenerate health from kills.
You have supernaturally acute eyesight. (SInv)
You passively map a small area around you.


Message History

You barely miss the water moccasin. The unseen horror hits you.
* * * LOW HITPOINT WARNING * * *
The unseen horror closely misses you. The worker ant closely misses you.
The water moccasin bites you.
* * * LOW HITPOINT WARNING * * *
You closely miss the water moccasin.
Your headbutt misses the water moccasin.
The unseen horror completely misses you.
You block the worker ant's attack. The water moccasin bites you!
* * * LOW HITPOINT WARNING * * *
You closely miss the water moccasin. You headbutt the water moccasin!!
The water moccasin is severely wounded.
The unseen horror barely misses you. The worker ant completely misses you.
You miss the water moccasin.
Your headbutt misses the water moccasin.
The water moccasin is severely wounded.
The unseen horror hits you.
* * * LOW HITPOINT WARNING * * *
The water moccasin bites you!
You die...

#.##.* * ...* ##### *
#.####...## #####.........#####
............©..)..##
####...#########..# *
*###..##8!....8##)# ,
#....#...a)S...#(#
#.##.#..#..#x@.#..#.#
........#.#.....#.#.#######
##..###.#..#©........#.......#
#....)..#..#.#.....#.#..####.#
..#.####...#..#...#..#(...##.##
#.#. #...#..!!$)(..#..#.....#
... #...##8$)_.$8##..####..#
..# #....#########...####.)#
..# #..#...........#.>.....#


You could see an unseen horror (invisible), a water moccasin and a worker ant.

Vanquished Creatures
  Duvessa (D:5)
  An ice beast (D:5)
  An orc warrior (D:5)
  A sky beast (D:5)
  A phantom (D:4)
  A centaur (D:5)
  An ogre (D:5)
  2 big kobolds
  Dowan (D:5)
  2 scorpions
  2 howler monkeys (D:5)
  2 crimson imps (D:5)
  Jessica (D:2)
  2 worker ants
  A hound skeleton (D:4)
  5 adders
  A gnoll (D:1)
  A shadow imp (D:5)
  An adder skeleton (D:4)
  2 worms
  2 dart slugs (D:1)
  A leopard gecko (D:3)
  5 orcs
  2 ball pythons
  4 bats
  3 giant cockroaches
  5 hobgoblins
  3 jackals (D:4)
  4 quokkas
  7 frilled lizards
  9 goblins
  12 kobolds
  3 rats
90 creatures vanquished.

Vanquished Creatures (others)
  4 orc wizards (D:4)
  A worker ant (D:4)
  An adder (D:4)
  An ooze (D:4)
  A worm (D:4)
  A jackal (D:4)
  A quokka (D:4)
10 creatures vanquished.

Grand Total: 100 creatures vanquished

Notes
Turn   | Place    | Note
-------+----------+-------------------------------------------
     0 | D:1      | polve the Demonspawn Berserker began the quest for the Orb.
     0 | D:1      | Reached XP level 1. HP: 18/18 MP: 1/1
    52 | D:1      | Reached skill level 3 in Maces & Flails
   360 | D:1      | Gained mutation: You have a pair of small horns on your head. [demonic ancestry]
   360 | D:1      | Reached XP level 2. HP: 24/24 MP: 2/2
  1140 | D:2      | Gained mutation: You regenerate a little health from kills. [demonic ancestry]
  1140 | D:2      | Reached XP level 3. HP: 29/29 MP: 3/3
  1196 | D:2      | Found a sparkling altar of Nemelex Xobeh.
  1456 | D:2      | Reached skill level 4 in Maces & Flails
  1582 | D:2      | Noticed Jessica
  1587 | D:2      | Killed Jessica
  1587 | D:2      | Reached XP level 4. HP: 35/35 MP: 4/4
  1625 | D:2      | Reached ** piety under Trog
  2436 | D:3      | Reached skill level 5 in Maces & Flails
  2470 | D:3      | Noticed a big kobold
  2493 | D:3      | Killed a big kobold
  2493 | D:3      | Gained mutation: You have a pair of horns on your head. [demonic ancestry]
  2493 | D:3      | Reached XP level 5. HP: 30/41 MP: 5/5
  2777 | D:4      | Reached skill level 6 in Maces & Flails
  2882 | D:4      | Gained mutation: You regenerate health from kills. [demonic ancestry]
  2882 | D:4      | Reached XP level 6. HP: 42/47 MP: 6/6
  3305 | D:4      | Found a shimmering altar of Xom.
  3587 | D:5      | Entered Level 5 of the Dungeon
  3609 | D:5      | Reached *** piety under Trog
  3609 | D:5      | Reached skill level 7 in Maces & Flails
  3623 | D:5      | Reached XP level 7. HP: 41/52 MP: 7/7
  3702 | D:5      | Reached skill level 8 in Maces & Flails
  3974 | D:5      | Found a deep blue altar of Sif Muna.
  3975 | D:5      | Found a transporter.
  4019 | D:5      | Gained mutation: You are frail. (-10% HP) [mutagenic meat]
  4020 | D:5      | Gained mutation: You have an increased reservoir of magic. (+10% MP) [mutagenic meat]
  4021 | D:5      | Gained mutation: Scrolls take you a little longer to read. [mutagenic meat]
  4029 | D:5      | Lost mutation: You are frail. (-10% HP) [potion of mutation]
  4029 | D:5      | Lost mutation: Scrolls take you a little longer to read. [potion of mutation]
  4029 | D:5      | Lost mutation: You have an increased reservoir of magic. (+10% MP) [potion of mutation]
  4029 | D:5      | Gained mutation: You have supernaturally acute eyesight. (SInv) [potion of mutation]
  4029 | D:5      | Gained mutation: You passively map a small area around you. [potion of mutation]
  4334 | D:5      | Found a runed door.
  4404 | D:5      | Gained mutation: You are surrounded by a mild repulsion field. (EV +2) [demonic ancestry]
  4404 | D:5      | Reached XP level 8. HP: 58/58 MP: 8/8
  4412 | D:5      | Found a transporter.
  4413 | D:5      | Noticed an unseen horror
  4421 | D:5      | Noticed Duvessa
  4423 | D:5      | Noticed Dowan
  4423 | D:5      | Reached skill level 9 in Maces & Flails
  4434 | D:5      | Killed Duvessa
  4439 | D:5      | Killed Dowan
  4515 | D:5      | HP: 4/87 [unseen horror (4)]
  4515 | D:5      | Slain by a water moccasin

Skill      XL: |  1  2  3  4  5  6  7  8 |
---------------+-------------------------+-----
Maces & Flails | 3 4 5 6 7 8 9 |  9.6
Fighting       | |  3.0
Armour         | |  1.7
Dodging        | |  1.7

Action                   |  1- 3 |  4- 6 |  7- 9 || total
-------------------------+-------+-------+-------++-------
Melee: Mace              |    66 |   197 |   101 ||   364
       Headbutt          |     9 |    23 |    18 ||    50
Invok: Berserk           |     1 |     1 |     4 ||     6
  Use: Potion            |       |       |     9 ||     9
 Stab: Sleeping          |     1 |       |       ||     1
  Eat: Chunk             |     3 |     8 |     8 ||    19
Armor: Animal skin       |    12 |    14 |       ||    26
       Chain mail        |       |   105 |    34 ||   139
       Leather armour    |       |       |    10 ||    10
Dodge: Dodged            |    41 |   112 |    39 ||   192
Block: Buckler           |       |     5 |    15 ||    20
